AoeStats
← CR | NamelessGuy

Lombardia

508579349Analyzed
4v4 RM · 11d ago on Sep 23, 2026· 35m 21s· 8 players
Game mode
Random Map
Map size
Large (8 player)
Population
200
Speed
Normal
Resources
Standard
Victory
Conquest
Starting age
Dark Age
Ending age
Imperial Age
RankedLock teamsTeams togetherTeam positionsShared explorationLock speedFull tech treeHidden civsTurbo modeCheats
Victory
Defeat
🇨🇷 Georgians · Costa Rica
1809
+11
🇨🇷 Turks · Costa Rica
1760
+12
🇨🇷 Armenians · Costa Rica
1734
+14
🇨🇷 Khmer · Costa Rica
1690
+15
🇦🇺 Magyars · Australia
1742
-16
🇨🇳 Koreans · China
1692
-13
🇧🇷 Tatars · Brazil
1653
-12
🇭🇰 Varangians · Hong Kong SAR China
1640
-11
APZz_
8:53 Feudal Age
7:41 Loom
9:58 Double-Bit Axe
11:26 Horse Collar
17:30 Castle Age
17:05 Fletching
17:28 Bloodlines
18:46 Bodkin Arrow
20:23 Bow Saw
23:46 Husbandry
24:21 Husbandry
28:58 Wheelbarrow
30:27 Gold Mining
30:27 Stone Mining
30:50 Padded Archer Armor
31:16 Heavy Plow
31:38 Hand Cart
Yan
6:50 Loom
9:06 Feudal Age
11:00 Horse Collar
11:11 Double-Bit Axe
14:09 Bloodlines
15:25 Scale Barding Armor
18:52 Forging
25:10 Wheelbarrow
27:53 Castle Age
27:56 Light Cavalry
28:36 Husbandry
28:59 Chain Barding Armor
Kaydos
6:22 Loom
8:50 Feudal Age
11:18 Double-Bit Axe
20:49 Horse Collar
24:25 Wheelbarrow
27:56 Castle Age
26:31 Scale Barding Armor
27:11 Bloodlines
28:10 Light Cavalry
30:08 Chain Barding Armor
小白
6:07 Loom
9:07 Feudal Age
9:40 Double-Bit Axe
10:01 Horse Collar
12:46 Wheelbarrow
18:36 Castle Age
20:02 Bow Saw
26:29 Fletching
27:30 Ballistics
27:48 Bodkin Arrow
31:47 Husbandry
31:54 Thumb Ring
CR | NamelessGuy
9:27 Feudal Age
10:02 Double-Bit Axe
10:19 Loom
14:50 Horse Collar
22:33 Castle Age
20:42 Fletching
21:51 Padded Archer Armor
22:09 Gold Mining
22:09 Stone Mining
23:30 Wheelbarrow
23:24 Bodkin Arrow
23:46 Bow Saw
26:14 Ballistics
34:22 Heavy Plow
DS_John III
6:54 Loom
9:53 Feudal Age
10:22 Double-Bit Axe
12:09 Forging
15:44 Scale Barding Armor
23:20 Castle Age
21:53 Bloodlines
23:16 Horse Collar
24:28 Chain Barding Armor
26:24 Husbandry
27:34 Bow Saw
28:55 Wheelbarrow
35:11 Iron Casting
35:38 Hand Cart
35:41 Hand Cart
35:15 Town Watch
CR | Spinetta251
5:39 Loom
8:42 Feudal Age
12:16 Double-Bit Axe
14:27 Fletching
16:37 Padded Archer Armor
21:03 Castle Age
19:27 Padded Archer Armor
20:04 Gold Mining
21:15 Crossbowman
21:50 Bodkin Arrow
22:29 Bow Saw
23:08 Leather Archer Armor
25:26 Ballistics
31:20 Horse Collar
35:20 Wheelbarrow
CR | Harahgon
8:28 Feudal Age
9:35 Double-Bit Axe
11:00 Horse Collar
15:55 Forging
17:51 Wheelbarrow
18:23 Scale Barding Armor
18:30 Bloodlines
18:21 Gold Mining
19:34 Loom
22:32 Castle Age
23:43 Chain Barding Armor
23:35 Bow Saw
23:25 Heavy Plow
25:25 Iron Casting
25:09 Husbandry
Connection lost

Rejoining the realm…

Still unreachable

The connection could not be restored.

Session expired

The server has moved on; the page needs a fresh start.